AoeStats
← Rogash

MegaRandom

510589428Analyzed
2v2 RM · 1d ago on Oct 1, 2026· 75m 51s· 4 players
Game mode
Random Map
Map size
Medium (4 player)
Population
200
Speed
Normal
Resources
Standard
Victory
Conquest
Starting age
Dark Age
Ending age
Imperial Age
RankedLock teamsTeams togetherTeam positionsShared explorationLock speedFull tech treeHidden civsTurbo modeCheats
Victory
Defeat
🇿🇦 Vikings · South Africa
1002
+18
🇿🇦 Saracens · South Africa
1001
+18
🇱🇧 Ethiopians · Lebanon
1056
-19
🇧🇷 Mongols · Brazil
1023
-17
Heizenberg
8:13 Loom
10:04 Feudal Age
8:20 Loom
16:31 Fletching
16:41 Padded Archer Armor
20:15 Castle Age
20:35 Wheelbarrow
20:20 Crossbowman
21:34 Thumb Ring
25:52 Husbandry
26:50 Light Cavalry
30:06 Wheelbarrow
30:24 Forging
30:41 Scale Barding Armor
32:40 Iron Casting
33:05 Chain Barding Armor
34:24 Hand Cart
34:55 Horse Collar
35:11 Gold Mining
38:57 Double-Bit Axe
43:39 Imperial Age
41:40 Heavy Plow
43:08 Gold Shaft Mining
42:23 Stone Mining
42:49 Bow Saw
43:49 Hussar
46:22 Arbalester
46:47 Arbalester
48:12 Bodkin Arrow
48:46 Leather Archer Armor
48:33 Scale Mail Armor
51:01 Blast Furnace
54:27 Bracer
54:43 Chain Mail Armor
56:17 Cavalier
58:10 Elite Skirmisher
62:35 Two-Man Saw
62:33 Stone Shaft Mining
62:32 Squires
62:17 Arson
64:00 Plate Mail Armor
64:49 Halberdier
Rogash
12:41 Feudal Age
11:27 Loom
14:18 Double-Bit Axe
16:24 Wheelbarrow
20:11 Castle Age
18:47 Horse Collar
21:18 Town Watch
21:42 Heavy Plow
21:54 Bow Saw
22:33 Hand Cart
22:30 Stone Mining
24:38 Gold Mining
29:01 Town Patrol
29:24 Bloodlines
30:09 Gold Shaft Mining
30:25 Thumb Ring
30:17 Fletching
31:26 Bodkin Arrow
32:07 Husbandry
33:36 Stone Shaft Mining
33:12 Padded Archer Armor
34:45 Leather Archer Armor
39:13 Imperial Age
36:58 Light Cavalry
38:01 Forging
40:45 Conscription
41:32 Parthian Tactics
41:09 Bracer
42:44 Ballistics
43:27 Chemistry
42:24 Elite Mangudai
44:04 Siege Engineers
44:25 Conscription
46:09 Scale Barding Armor
46:39 Iron Casting
48:57 Hussar
51:20 Blast Furnace
51:07 Chain Barding Armor
66:30 Hoardings
66:20 Onager
67:38 Siege Onager
68:42 Drill
68:45 Fortified Wall
68:51 Masonry
A_K_
8:42 Loom
11:03 Feudal Age
11:47 Fishing Lines
12:03 Double-Bit Axe
16:05 Horse Collar
16:22 Fletching
16:32 Padded Archer Armor
27:40 Castle Age
25:54 Stone Mining
26:37 Gold Mining
28:53 Leather Archer Armor
28:01 Elite Skirmisher
29:13 Gillnets
30:45 Pikeman
31:46 Squires
31:54 Scale Mail Armor
32:04 Forging
33:52 Town Watch
34:05 Bodkin Arrow
33:34 Crossbowman
37:40 Ballistics
38:37 Gold Shaft Mining
38:40 Fortified Wall
38:11 Treadmill Crane
39:59 Chain Mail Armor
40:20 Iron Casting
40:47 Heavy Plow
44:25 Imperial Age
42:08 Scale Barding Armor
42:16 Bow Saw
42:48 Town Patrol
45:07 Iron Casting
44:47 Masonry
44:39 Capped Ram
45:53 Plate Mail Armor
45:44 Chain Barding Armor
44:46 Man-at-Arms
45:53 Bracer
46:35 Arbalester
49:14 Town Patrol
51:10 Chieftains
53:04 Two-Man Saw
52:45 Onager
57:19 Cavalier
60:59 Ring Archer Armor
61:30 Blast Furnace
60:46 Caravan
61:16 Coinage
61:30 Light Cavalry
Groot Sap Pappa
6:45 Loom
9:52 Feudal Age
10:19 Double-Bit Axe
17:43 Castle Age
18:27 Fletching
21:11 Crossbowman
21:14 Elite Skirmisher
24:44 Wheelbarrow
24:37 Bloodlines
25:47 Medium Warships
26:36 Padded Archer Armor
31:53 Imperial Age
31:01 Ballistics
31:50 Scale Barding Armor
31:56 Forging
31:58 Bodkin Arrow
32:27 Bow Saw
33:35 Chemistry
33:05 Heavy Warships
34:10 Chain Barding Armor
35:25 Heavy Camel Rider
35:49 Elite Cannon Galleon
37:18 Hand Cart
37:43 Plate Barding Armor
37:44 Iron Casting
38:47 Elite Mameluke
39:30 Bracer
42:06 Thumb Ring
47:43 Light Cavalry
52:29 Town Watch
53:24 Caravan
54:20 Husbandry
55:13 Leather Archer Armor
58:36 Murder Holes
61:00 Ring Archer Armor
61:06 Iron Casting
65:24 Blast Furnace
71:27 Hussar
Connection lost

Rejoining the realm…

Still unreachable

The connection could not be restored.

Session expired

The server has moved on; the page needs a fresh start.